 Dungeon Crawl Stone Soup version 0.22-a0-880-gb7b0c8b (webtiles) character file.

49 glosham the Chucker (level 3, 0/36 HPs)
             Began as an Ogre Arcane Marksman on July 30, 2018.
             Slain by a sky beast (4 damage)
             ... on level 4 of the Dungeon.
             The game lasted 00:08:54 (479 turns).

glosham the Chucker (Ogre Arcane Marksman)           Turns: 479, Time: 00:08:55

Health: 0/36       AC: 10    Str: 14    XL:     3   Next: 77%
Magic:  4/4        EV: 10    Int: 14    God:
Gold:   119        SH:  0    Dex: 10    Spells: 0/4 levels left

rFire    . . .     SeeInvis .   a - +1 falchion (protect)
rCold    . . .     Gourm    .   (no shield)
rNeg     . . .     Faith    .   i - +0 robe
rPois    .         Spirit   .   (helmet restricted)
rElec    .         Reflect  .   (no cloak)
rCorr    .         Harm     .   (gloves unavailable)
MR       .....                  (boots unavailable)
Stlth    +.........             (no amulet)
HPRegen  0.12/turn              (no ring)
MPRegen  0.09/turn              (no ring)

@: protection aura
A: large, unfitting armour, tough skin 1
a: no special abilities


You were on level 4 of the Dungeon.
You were not hungry.

You visited 1 branch of the dungeon, and saw 4 of its levels.

You collected 119 gold pieces.

Inventory:

Hand Weapons
 a - a +1 falchion of protection (weapon)
Missiles
 c - 3 large rocks (quivered)
 d - 2 throwing nets
 h - 38 stones
Armour
 i - a +0 robe (worn)
Scrolls
 b - a scroll of random uselessness {unknown}
 g - 2 scrolls of identify {unknown}
 k - a scroll of immolation {unknown}
Potions
 j - a potion of magic {unknown}
 l - a potion of haste
Comestibles
 f - 3 rations


   Skills:
 + Level 2.9 Fighting
 * Level 3.4 Throwing
 - Level 1.7 Dodging
 - Level 1.2 Spellcasting
 - Level 2.6 Hexes


You couldn't memorise any spells.
You knew the following spells:

 Your Spells              Type           Power        Failure   Level  Hunger
p - Portal Projectile     Hex/Tloc       #.....       41%         3    ####...
z - Corona                Hex            #......      9%          1    ##.....

Your spell library contained the following spells:

 Spells                   Type           Power        Failure   Level  Hunger
 Cause Fear               Hex            #.........   65%         4    #####..
 Slow                     Hex            #.......     13%         2    ###....
 Leda's Liquefaction      Hex/Erth       #.........   83%         4    #####..
 Inner Flame              Hex/Fire       #.......     41%         3    ####...


Dungeon Overview and Level Annotations

Branches:
Dungeon (4/15)
 Temple: D:4-7

Altars:
Fedhas


Innate Abilities, Weirdness & Mutations

You are too large for most types of armour.
You have tough skin. (AC +1)


Message History

Throwing (i - inventory. (/) - cycle)
e - 4 tomahawks (quivered)
Press: ? - help, Shift-Dir - straight line, f/p - sky beast
Aim: a sky beast (lightly wounded)
You throw a tomahawk.
The tomahawk hits the sky beast but does no damage.
The sky beast is lightly wounded.
Throwing (i - inventory. (/) - cycle)
e - 3 tomahawks (quivered)
Press: ? - help, Shift-Dir - straight line, f/p - sky beast
Aim: a sky beast (lightly wounded)
You throw a tomahawk.
The tomahawk barely misses the sky beast.
Throwing (i - inventory. (/) - cycle)
e - 2 tomahawks (quivered)
Press: ? - help, Shift-Dir - straight line, f/p - sky beast
Aim: a sky beast (lightly wounded)
You throw a tomahawk. The tomahawk misses the sky beast.
Throwing (i - inventory. (/) - cycle)
e - a tomahawk (quivered)
Press: ? - help, Shift-Dir - straight line, f/p - sky beast
Aim: a sky beast (lightly wounded)
You throw a tomahawk. The tomahawk hits the sky beast.
The sky beast is moderately wounded.
You miss the sky beast.
The sky beast is moderately wounded.
The sky beast hits you. The sky beast shocks you. The sky beast hits you.
The sky beast shocks you.
You hit the sky beast but do no damage.
Your weapon exudes an aura of protection.
The sky beast is moderately wounded.
The sky beast flickers out of sight!
Something hits you but does no damage.
You hit something. Something hits you but does no damage.
You hit something. Something hits you. Something shocks you.
A sky beast appears from thin air!
The sky beast hits you. The sky beast shocks you.
* * * LOW HITPOINT WARNING * * *
Throwing (i - inventory. (/) - cycle)
c - 4 large rocks (quivered)
Press: ? - help, Shift-Dir - straight line, f/p - sky beast
Aim: a sky beast (rain, heavily wounded)
You throw a large rock.
The large rock barely misses the sky beast.
The sky beast hits you.
You die...

#..# #.......# .....
#.## ##.......# .....
###...#^.......## #....
##...##........####.....
#.....#......#..##...#
.....###..####.....#
..8....######......#
#......###.......##
##8.(((Y@'.....)..#
{..#..(...#####.<....#
...8.(..### #..........
#.....### ##...##.....
#.... #...# #.### ##..
#...# .# #. ..... # #
......# .......


You could see a sky beast.

Vanquished Creatures
  Natasha (D:2)
  An adder (D:2)
  A dart slug (D:1)
  An orc (D:4)
  A giant cockroach (D:1)
  3 goblins
  3 bats (D:1)
  A frilled lizard (D:1)
  3 rats
15 creatures vanquished.

Notes
Turn   | Place    | Note
-------+----------+-------------------------------------------
     0 | D:1      | glosham the Ogre Arcane Marksman began the quest for the Orb.
     0 | D:1      | Reached XP level 1. HP: 19/19 MP: 2/2
   189 | D:2      | Noticed Natasha
   194 | D:2      | Noticed a crimson imp
   194 | D:2      | Killed Natasha
   194 | D:2      | Reached skill level 2 in Fighting
   194 | D:2      | Reached skill level 3 in Throwing
   194 | D:2      | Reached XP level 2. HP: 22/29 MP: 3/3
   194 | D:2      | Reached XP level 3. HP: 27/36 MP: 4/4
   264 | D:2      | Found a blossoming altar of Fedhas.
   387 | D:2      | Learned a level 3 spell: Portal Projectile
   425 | D:4      | Noticed a sky beast
   479 | D:4      | Slain by a sky beast

Vault maps used:
D:1:      dpeg_arrival_tiny_a
D:2:      fedhas_altar_4, uniq_natasha
D:3:      trog_eyes_of_draining, first_ration
D:4:      okawaru_metal_pillars_1_2, minmay_overflow_temple_star_quad,
          uniq_sigmund

Skill      XL: |  1 |
---------------+----+-----
Fighting       | 2 |  2.9
Throwing       | 3 |  3.4
Dodging        | |  1.7
Spellcasting   | |  1.2
Hexes          | |  2.6

Action                   || total
-------------------------++-------
Melee: Unarmed           ||    36
       Falchion          ||    31
Throw: Tomahawk          ||    11
       Stone             ||     4
       Large rock        ||     1
 Cast: Corona            ||    10
Armor: Robe              ||    31
Dodge: Dodged            ||    43
       Rpst.: Falchion   ||     7

Table legend:
 A = Spawn XP
 B = Non-spawn XP
 C = Spawn XP percentage of total XP
 D = Spawn monster count
 E = Non-spawn monster count
 F = Spawn count percentage of total count
 G = Total turns spent on level
                    A         B        C        D         E        F      G
               +---------+---------+-------+---------+---------+-------+---------
         Total |       0 |      71 |   0.0 |       0 |      15 |   0.0 |   479
               +---------+---------+-------+---------+---------+-------+---------
           D:1 |       0 |      12 |   0.0 |       0 |       7 |   0.0 |   226
           D:2 |       0 |      54 |   0.0 |       0 |       5 |   0.0 |   162
           D:3 |       0 |       2 |   0.0 |       0 |       2 |   0.0 |    16
           D:4 |       0 |       3 |   0.0 |       0 |       1 |   0.0 |    75
               +---------+---------+-------+---------+---------+-------+---------

Table legend:
 A = Turns spent in this place as a percentage of turns spent in the entire game.
 B = Non-inter-level travel turns spent in this place as a percentage of non-inter-level travel turns spent in the entire game.
 C = Inter-level travel turns spent in this place as a percentage of turns spent in this place.
 D = Turns resting spent in this place as a percentage of non-inter-level travel turns spent in this place.
 E = Turns spent auto-exploring this place as a percentage of non-inter-level travel turns spent in this place.
 F = Non-inter-level travel turns spent in this place divided by the number of levels of this place that you've seen.
                   A       B       C       D       E      F
               +-------+-------+-------+-------+-------+----------------------
         Total | 100.0 | 100.0 |   2.9 |   0.0 |   0.0 | 116.2
       Dungeon | 100.0 | 100.0 |   2.9 |   0.0 |   0.0 | 116.2
               +-------+-------+-------+-------+-------+----------------------

Table legend:
 A = Kills in this place as a percentage of kills in entire the game.
 B = Kills by you in this place as a percentage of kills by you in the entire game.
 C = Kills by friends in this place as a percentage of kills by friends in the entire game.
 D = Other kills in this place as a percentage of other kills in the entire game.
 E = Experience gained in this place as a percentage of experience gained in the entire game.
 F = Experience gained in this place divided by the number of levels of this place that you have seen.
                   A       B       C       D       E      F
               +-------+-------+-------+-------+-------+----------------------
         Total | 100.0 | 100.0 |   N/A |   N/A | 100.0 |  17.8
       Dungeon | 100.0 | 100.0 |   N/A |   N/A | 100.0 |  17.8
               +-------+-------+-------+-------+-------+----------------------

Vault maps used:
D:1:      dpeg_arrival_tiny_a
D:2:      fedhas_altar_4, uniq_natasha
D:3:      trog_eyes_of_draining, first_ration
D:4:      okawaru_metal_pillars_1_2, minmay_overflow_temple_star_quad,
          uniq_sigmund
